 Dungeon Crawl Stone Soup version 0.30.1 (webtiles) character file.

Game seed: 17839228260758657409

12462 Kranky the Fighter (level 11, -5/151 HPs)
             Began as a Minotaur Berserker on July 2, 2023.
             Was a High Priest of Trog.
             Slain by a wraith (6 damage)
             ... led by Josephine
             ... on level 12 of the Dungeon.
             The game lasted 00:22:03 (10703 turns).

Kranky the Fighter (Minotaur Berserker)            Turns: 10703, Time: 00:22:03

Health: -5/151     AC: 12    Str: 26    XL:     11   Next: 62%
Magic:  10/10      EV: 16    Int:  4    God:    Trog [*****.]
Gold:   1332       SH: 10    Dex: 16    Spells: 10/10 levels left

rFire   . . .        E - +4 trident of Contradiction {vamp, Will+}
rCold   . . .        K - +1 kite shield
rNeg    . . .        t - +7 leather armour of a treasure trove {Stlth+}
rPois   .            (helmet restricted)
rElec   .            (no cloak)
rCorr   .            (no gloves)
SInv    +            N - +0 pair of boots {Fly}
Will    +....        (no amulet) Stlth
                     h - ring of see invisible
HPRegen 0.45/turn    C - +6 ring of dexterity
MPRegen 0.12/turn

%: no passive effects
@: berserking, lethally poisoned (-5 -> -6), flying, slowed
A: horns 2, retaliatory headbutt
a: Renounce Religion, Berserk, Trog's Hand, Brothers in Arms


You were on level 12 of the Dungeon.
You worshipped Trog.
Trog was extremely pleased with you.
You visited 1 branch of the dungeon, and saw 12 of its levels.
You also visited: Bailey.

You collected 1332 gold pieces.

Inventory:

Hand Weapons
 E - the +4 trident of Contradiction (weapon) {vamp, Will+}
   (You found it on level 5 of the Dungeon)

   Will:      It increases your willpower.
 T - a +6 spear of venom
Missiles
 q - 2 throwing nets (quivered)
 L - 5 poisoned darts
Armour
 t - the +7 leather armour of a treasure trove (worn) {Stlth+}
   (You found it on level 3 of the Dungeon)

   Stlth:     It makes you more stealthy.
 D - a +0 pair of boots
 F - a +3 leather armour of poison resistance
 K - a +1 kite shield (worn)
 N - a +0 pair of boots of flying (worn)
Jewellery
 h - a ring of see invisible (left hand)
 s - the ring "Ferhack" {Ice *Corrode rN+ Str+4}
   (You found it on level 3 of the Dungeon)

   [ring of ice]

   It enhances your ice magic.
   Str:       It affects your strength (+4).
   rF:        It makes you vulnerable to fire.
   rC:        It protects you from cold.
   rN:        It protects you from negative energy.
   *Corrode:  It may corrode you when you take damage.
 C - a +6 ring of dexterity (right hand)
Wands
 a - a wand of digging (6)
 c - a wand of paralysis (3)
 y - a wand of flame (12)
 A - a wand of roots (10)
 P - a wand of polymorph (2)
Scrolls
 b - a scroll of silence {unknown}
 e - 2 scrolls of enchant armour
 f - 3 scrolls of fog
 g - 5 scrolls of enchant weapon
 i - 2 scrolls of teleportation {unknown}
 m - a scroll of poison {unknown}
 r - a scroll of butterflies {unknown}
 v - a scroll of fear {unknown}
 x - 5 scrolls of torment {unknown}
 B - a scroll of vulnerability
 J - a scroll of magic mapping {unknown}
 M - 5 scrolls of identify
 O - a scroll of blinking {unknown}
 Q - 2 scrolls of immolation {unknown}
Potions
 d - 9 potions of curing
 j - 3 potions of ambrosia
 k - 2 potions of heal wounds {unknown}
 n - 5 potions of invisibility
 p - 2 potions of brilliance
 u - 3 potions of mutation
 w - 5 potions of flight
 z - 3 potions of lignification
 G - 3 potions of attraction
 H - 2 potions of resistance {unknown}
 I - 2 potions of haste {unknown}
 R - a potion of degeneration {unknown}
Miscellaneous
 S - a phantom mirror


   Skills:
 + Level 10.7 Fighting
 + Level 10.7 Polearms
 + Level 10.4 Armour
 + Level 9.5 Dodging
 + Level 4.5 Shields
 + Level 6.7 Evocations


You had 10 spell levels left.
You didn't know any spells.
Your spell library was empty.

Dungeon Overview and Level Annotations

Branches:
Dungeon (12/15)            Temple (0/1) D:4            Lair (0/5) D:11
 Bailey (visited)
    Orc: D:9-12

Altars:
Ashenzari
Cheibriados
Elyvilon
Fedhas
Okawaru
Ru
Sif Muna
Yredelemnul
The Shining One

Shops:
D:1 ?


Innate Abilities, Weirdness & Mutations

You have a pair of horns on your head.
You reflexively headbutt those who attack you in melee.


Message History

You feel sick. You block Josephine's attack.
You barely miss Josephine.
Josephine is almost dead.
You feel sick.
You impale Josephine!!
You kill Josephine!
Trog accepts your kill.
Trog appreciates your killing of a magic user.
You feel sick.
Your life force feels restored.
You puncture the wraith! Your headbutt misses the wraith.
The wraith is heavily damaged.
You puncture the wraith!
The wraith is severely damaged.
You feel sick.
You barely miss the wraith. You headbutt the wraith!
The wraith is heavily damaged.
You feel sick. The wraith hits you but does no damage. The wraith hits you.
* * * LOW HITPOINT WARNING * * *
You hit the wraith.
The wraith is heavily damaged.
You hit the wraith. You headbutt the wraith!
You destroy the wraith!
Trog accepts your kill.
You feel sick. You block the wraith's attack.
You closely miss the wraith.
The wraith is severely damaged.
You closely miss the wraith.
You headbutt the wraith, but do no damage.
The wraith is severely damaged.
You feel sick. The wraith hits you but does no damage. The wraith hits you.
* * * LOW HITPOINT WARNING * * *
The wraith drains your vigour!
You feel yourself slow down.
Unknown command.
You are too berserk!
You hit the wraith. Your headbutt misses the wraith.
The wraith is severely damaged.
* * * LOW HITPOINT WARNING * * *
You feel sick. The wraith hits you.
You die...

#.......#
#.......#
#.......#
#.......#
#.......#
#.......#
###'#####
#..###
##.@W#
###W#
...#
W...#
.....+
......#
...W)..#
........#


You could see 2 wraiths.

Vanquished Creatures
  Josephine (D:12)
  Erolcha (D:12)
  2 two-headed ogres
  A boulder beetle (D:11)
  A kobold demonologist (D:11)
  3 trolls
  A hornet (D:8)
  A shadow (D:11)
  2 vampires
  3 wraiths
  3 wyverns
  9 yaks
  4 vampire mosquitoes
  A water moccasin (D:9)
  An acid dragon (D:12)
  Duvessa (D:5)
  13 orc warriors
  A black bear (D:5)
  An ice beast (D:6)
  A sky beast (D:7)
  3 ogres
  5 centaurs
  3 phantoms
  2 kobold brigands
  2 scorpions (D:7)
  3 bullfrogs
  2 gnoll sergeants
  8 wights
  Dowan (D:5)
  9 killer bees
  A howler monkey (D:5)
  3 hounds
  A gnoll bouda (D:10)
  4 orc priests
  3 jellies
  2 sleepcaps
  9 orc wizards
  34 gnolls
  5 adders
  A white imp (D:7)
  A worm (D:2)
  3 dart slugs
  35 orcs
  7 ball pythons
  4 endoplasms
  A giant cockroach (D:2)
  6 hobgoblins
  30 kobolds
  4 quokkas
  8 bats
  A frilled lizard (D:1)
  11 goblins
  7 rats
270 creatures vanquished.

Notes
Turn   | Place    | Note
-------+----------+-------------------------------------------
     0 | D:1      | Kranky the Minotaur Berserker began the quest for the Orb.
     0 | D:1      | Reached XP level 1. HP: 19/19 MP: 0/0
   165 | D:1      | Reached XP level 2. HP: 26/27 MP: 1/1
   464 | D:1      | Found Amasutu's Magic Scroll Emporium.
   698 | D:2      | Found a faded altar of an unknown god.
   744 | D:2      | Reached ** piety under Trog
   760 | D:2      | Reached XP level 3. HP: 30/33 MP: 2/2
  1779 | D:3      | Reached XP level 4. HP: 7/41 MP: 3/3
  2324 | D:3      | Reached XP level 5. HP: 34/47 MP: 4/4
  2525 | D:3      | Identified the ring "Ferhack" {Ice *Corrode rN+ Str+4}
  2547 | D:3      | Identified the +7 leather armour of a treasure trove
                  | {Stlth+}
  2693 | D:3      | Found an iron altar of Okawaru.
  2697 | D:3      | Reached *** piety under Trog
  2698 | D:3      | Reached skill level 5 in Fighting
  2804 | D:4      | Reached skill level 5 in Polearms
  2810 | D:3      | Reached XP level 6. HP: 50/56 MP: 5/5
  2989 | D:4      | HP: 4/84 [orc/+0 falchion (3)]
  3215 | D:4      | Found a glowing golden altar of the Shining One.
  3665 | D:4      | Found a staircase to the Ecumenical Temple.
  3763 | D:5      | Entered Level 5 of the Dungeon
  3817 | D:5      | Reached skill level 5 in Armour
  3822 | D:5      | Reached XP level 7. HP: 60/62 MP: 6/6
  4165 | D:5      | Identified the +4 trident of Contradiction {vamp, Will+}
  4170 | D:5      | Noticed Dowan
  4188 | D:5      | Killed Dowan
  4189 | D:5      | Reached skill level 5 in Dodging
  4189 | D:5      | Noticed Duvessa
  4199 | D:5      | Killed Duvessa
  4200 | D:5      | Reached skill level 1 in Evocations
  4468 | D:6      | Reached **** piety under Trog
  4469 | D:6      | Reached XP level 8. HP: 71/71 MP: 7/7
  4537 | D:6      | HP: 4/106 [ice beast (10)]
  5019 | D:6      | Found a shimmering blue altar of Sif Muna.
  5515 | D:7      | Found a snail-covered altar of Cheibriados.
  5721 | D:7      | Reached XP level 9. HP: 80/80 MP: 8/8
  7422 | D:3      | Identified the +0 leather armour "Maorchoc" {+Blink rC-
                  | Str+9 Dex-4}
  7595 | D:9      | Found a blossoming altar of Fedhas.
  7612 | D:9      | Reached XP level 10. HP: 88/90 MP: 9/9
  7687 | D:9      | Found a basalt altar of Yredelemnul.
  7811 | D:9      | Found a flagged portal.
  7838 | D:9      | Reached ***** piety under Trog
  7854 | Bailey   | Entered a bailey
  7920 | Bailey   | Reached skill level 5 in Evocations
  8420 | D:9      | Found a broken altar of Ashenzari.
  8547 | D:9      | Found a sacrificial altar of Ru.
  8646 | D:9      | Found a white marble altar of Elyvilon.
  8719 | D:10     | Entered Level 10 of the Dungeon
  8735 | D:10     | Noticed a two-headed ogre
  8744 | D:10     | Killed a two-headed ogre
  8945 | D:10     | Reached skill level 1 in Shields
  9285 | D:10     | Reached skill level 10 in Fighting
  9297 | D:10     | Reached skill level 10 in Polearms
  9435 | D:11     | Reached XP level 11. HP: 99/99 MP: 10/10
  9552 | D:11     | Noticed a boulder beetle
  9574 | D:11     | Killed a boulder beetle
  9706 | D:11     | Noticed a sixfirhy
  9767 | D:11     | Found a staircase to the Lair.
  9770 | D:11     | Noticed a two-headed ogre
  9776 | D:11     | Killed a two-headed ogre
  9777 | D:11     | Reached skill level 10 in Armour
 10390 | D:12     | Noticed Erolcha
 10401 | D:12     | Killed Erolcha
 10679 | D:12     | Noticed Josephine
 10695 | D:12     | Killed Josephine
 10698 | D:12     | HP: 5/151 [wraith[Josephine] (6)]
 10702 | D:12     | HP: 1/151 [wraith[Josephine] (3)]
 10703 | D:12     | Slain by a wraith

Illustrated notes

Levels and vault maps discovered:
D:1:      heliophobic_arrival_henge, layout_loops_ring, serial_shops,
          nicolae_shop_tiny_waterfront
D:2:      minmay_chambers_of_ones, layout_basic,
          dreamdust_ecumenical_altar_statues, hangedman_decor_clover_reticule
D:3:      layout_loops_ring, okawaru_altar_gauntlet_db,
          corexii_item_surrounded_by_moat
D:4:      layout_basic, tso_altar, minmay_temple_entry_nine_rooms
D:5:      layout_loops_ring, uniq_duvessa
D:6:      layout_loops_cross, lemuel_doored_altar
D:7:      layout_basic, cheibriados_altar_1, minmay_tree_intersection,
          nicolae_elevator_lobby_plus
D:8:      layout_basic, minmay_bent
D:9:      layout_roguey, amcnicky_altar_gilded, ashenzari_conservatory_becter,
          kennysheep_ying_yang, nicolae_ru_the_path_less_chosen, enter_bailey_5
D:10:     layout_roguey, nicolae_sextant
D:11:     layout_cave_pods, lair_entry_dummy, amcnicky_mini_pool_small
D:12:     layout_roguey, david_orc_3, minmay_curled_crystal, hangedman_ranch,
          uniq_josephine, uniq_erolcha, uniq_azrael

Skill      XL: |  1  2  3  4  5  6  7  8  9 10 11 |
---------------+----------------------------------+-----
Fighting       | 4 5 6 7 8 10 | 10.7
Polearms       | 4 5 6 7 8 10 | 10.7
Armour         | 3 4 5 7 8 9 10 | 10.4
Dodging        | 3 4 5 6 7 8 9 |  9.5
Evocations     | 1 3 4 5 6 |  6.7
Shields        | 2 4 |  4.5

Action                     |  1- 3 |  4- 6 |  7- 9 | 10-12 || total
---------------------------+-------+-------+-------+-------++-------
  Melee: Spear             |   130 |     7 |       |       ||   137
         Headbutt          |    16 |     8 |    43 |    66 ||   133
         Halberd           |       |   133 |    13 |       ||   146
         Trident           |       |       |   208 |   368 ||   576
         Punch             |       |       |     2 |       ||     2
 Invoke: Berserk           |       |     2 |     2 |     2 ||     6
         Trog's Hand       |       |       |     1 |       ||     1
    Use: Scroll            |       |       |    12 |       ||    12
         Potion            |       |       |     1 |       ||     1
   Stab: Sleeping          |       |     4 |     9 |     1 ||    14
         Distracted        |       |       |       |     1 ||     1
 Armour: Animal skin       |    11 |       |       |       ||    11
         Plate armour      |     3 |    45 |       |       ||    48
         Leather armour    |       |    34 |    81 |    75 ||   190
  Dodge: Dodged            |    52 |    75 |   157 |   189 ||   473
  Block: Kite shield       |       |       |     2 |   152 ||   154
